Map: Sequencer LE

Players

Mamba - Winner!

  • Race: Zerg Zerg
  • Spawn Location: 1:00

Gambeta

  • Race: Terran Terran
  • Spawn Location: 7:00

Event: WCS Valencia 2017

VOD

Have the link to the VOD?

Description

Time

  • Played on: July 13, 2017, 7:15 a.m.
  • Length: 11:18

All games in this series

Show
View Real Time Build Order
Export as new Build Order

Mamba Zerg - Winner!

Build Orders: Hatch First 

Get SALT Encoding   

  12  0:00  Drone  
  13  0:12  Overlord  
  13  0:20  Drone  
  14  0:32  Drone x2  
  16  0:36  Drone  
  17  0:53  Hatchery  
  17  0:57  Drone  
  17  0:59  Drone  
  17  1:01  Extractor  
  17  1:15  Spawning Pool  
  17  1:17  Drone  
  17  1:21  Drone  
  18  1:34  Drone  
  19  1:46  Overlord  
  19  2:02  Queen  
  19  2:04  Zergling x2, Metabolic Boost  
  19  2:06  Queen  
  19  2:07  Zergling x2  
  25  2:10  Zergling x2  
  26  2:16  Drone  
  26  2:17  Drone  
  28  2:23  Drone  
  29  2:34  Drone  
  30  2:39  Queen  
  32  2:44  Overlord  
  32  2:46  Drone x2  
  32  2:49  Drone  
  35  2:56  Drone  
  36  3:08  Hatchery  
  36  3:10  Overlord  
  36  3:11  Drone  
  36  3:18  Drone x3  
  39  3:22  Drone x2  
  41  3:31  Overlord  
  41  3:33  Drone x3  
  44  3:38  Overlord  
  44  3:48  Queen x2  
  46  3:54  Overlord  
  47  3:57  Drone x4  
  51  4:09  Drone x5  
  56  4:14  Evolution Chamber  
  56  4:16  Evolution Chamber  
  54  4:18  Zergling x10  
  59  4:29  Drone x4  
  63  4:34  Drone x2  
  63  4:35  Queen  
  67  4:40  Overlord  
  67  4:41  Zerg Melee Weapons Level 1  
  67  4:43  Zerg Ground Armor Level 1  
  67  4:50  Drone x2, Overlord  
  68  4:52  Overlord  
  68  4:54  Overlord  
  68  4:59  Drone x4  
  72  5:01  Extractor  
  72  5:03  Extractor  
  72  5:04  Drone x3  
  73  5:07  Extractor  
  73  5:08  Drone x2  
  73  5:13  Overlord  
  74  5:18  Lair  
  74  5:21  Drone x4  
  78  5:27  Drone  
  79  5:34  Extractor, Drone x6  
  84  5:37  Extractor  
  84  5:38  Overlord  
  84  5:39  Baneling Nest  
  84  5:42  Overlord  
  82  5:46  Zergling x2  
  82  5:47  Zergling x8  
  82  5:48  Spore Crawler  
  82  5:49  Spore Crawler  
  85  5:52  Spore Crawler  
  85  5:54  Zergling x4  
  84  6:02  Drone x3  
  87  6:09  Drone  
  87  6:10  Drone x2  
  86  6:12  Drone  
  86  6:13  Drone x2  
  89  6:30  Hatchery  
  89  6:31  Drone  
  89  6:32  Drone  
  87  6:34  Drone x2  
  87  6:35  Hydralisk Den  
  87  6:39  Zerg Ground Armor Level 2, Zerg Melee Weapons Level 2  
  88  6:40  Centrifical Hooks  
  88  6:42  Zergling x20  
  88  6:44  Baneling  
  88  6:45  Baneling x5  
  98  6:48  Overseer  
  98  6:58  Overlord  
  98  7:04  Overlord  
  98  7:05  Overlord  
  98  7:17  Zergling x26  
  98  7:20  Muscular Augments  
  98  7:22  Overlord  
  111  7:23  Hatchery  
  111  7:25  Overlord  
  110  7:36  Baneling x9  
  110  7:43  Overlord x2  
  107  7:47  Hydralisk x5  
  114  7:52  Hydralisk x3  
  114  7:53  Hatchery  
  119  8:10  Hydralisk x8  
  135  8:16  Baneling x8  
  135  8:17  Baneling  
  133  8:32  Zergling x22  
  129  8:39  Zergling x6  
  126  8:55  Zergling x2  
  126  8:56  Zergling x12  
  130  9:06  Drone x3  
  133  9:10  Drone x8  
  141  9:18  Baneling x13  
  141  9:19  Baneling x6  
  141  9:27  Zergling x6  
  141  9:32  Zergling x10  
  143  9:50  Zergling x32  
  157  9:54  Pneumatized Carapace  
  157  10:00  Hatchery  
  157  10:04  Baneling  
  157  10:05  Baneling x13  
  156  10:10  Zergling x14  
  156  10:11  Zergling x4, Baneling  
  156  10:12  Baneling x2  
  156  10:13  Baneling x3  
  153  10:23  Baneling  
  153  10:24  Baneling x13  
  143  10:31  Zergling x12  
  143  10:32  Zergling x10  
  136  10:36  Zergling x8  
  136  10:37  Zergling x4  
  136  10:39  Baneling x2  
  142  10:45  Baneling  
  142  10:47  Baneling x14  
  142  10:48  Baneling, Zergling x4  
  144  10:52  Overseer x2  
Show
View Real Time Build Order
Export as new Build Order

Gambeta Terran 

Build Orders: Reaper Expand, MMM Bio 

Get SALT Encoding   

  12  0:01  SCV  
  13  0:13  SCV  
  14  0:17  Supply Depot  
  14  0:25  SCV  
  15  0:38  SCV  
  15  0:40  Barracks  
  16  0:46  Refinery  
  16  0:50  SCV  
  17  1:02  SCV  
  18  1:15  SCV  
  19  1:27  Orbital Command  
  19  1:29  Reaper  
  20  1:42  Command Center  
  20  1:50  Supply Depot  
  20  1:53  SCV  
  21  2:05  SCV  
  21  2:06  Barracks Reactor  
  22  2:17  SCV  
  23  2:24  Factory  
  23  2:29  SCV  
  24  2:41  SCV  
  24  2:43  Command Center  
  25  2:45  Marine  
  25  2:46  Marine  
  27  2:53  SCV  
  28  3:01  Orbital Command  
  28  3:06  SCV  
  29  3:18  SCV  
  30  3:20  Hellion x2  
  30  3:21  Barracks Tech Lab  
  34  3:27  SCV  
  34  3:30  SCV  
  34  3:32  Refinery  
  36  3:39  SCV  
  36  3:40  Marine  
  36  3:41  Stimpack  
  38  3:42  Hellion x2  
  38  3:45  SCV  
  43  3:51  Starport  
  43  3:52  SCV  
  44  3:57  Orbital Command, SCV  
  45  4:03  Supply Depot  
  45  4:04  SCV  
  45  4:07  Marine  
  45  4:09  Hellion x2, SCV  
  52  4:16  SCV  
  53  4:21  SCV  
  53  4:22  SCV, Supply Depot  
  55  4:25  Marine  
  55  4:28  SCV  
  55  4:29  Medivac  
  59  4:33  SCV  
  59  4:36  Hellion x2  
  59  4:37  SCV  
  65  4:40  Supply Depot  
  65  4:43  Marine  
  66  4:45  Supply Depot  
  66  4:46  SCV  
  66  4:47  SCV  
  69  4:58  SCV, Refinery  
  69  5:00  SCV  
  69  5:01  Marine  
  69  5:05  Supply Depot  
  69  5:06  Starport Reactor  
  71  5:10  SCV  
  72  5:15  Orbital Command, Factory Reactor  
  72  5:16  Barracks  
  72  5:17  SCV, Barracks  
  72  5:18  Engineering Bay  
  72  5:19  Marine, Engineering Bay  
  74  5:21  Refinery  
  74  5:22  SCV, Supply Depot  
  75  5:29  SCV  
  76  5:37  Marine  
  77  5:44  Barracks  
  77  5:45  Barracks  
  77  5:47  Combat Shields, Medivac x2  
  81  5:54  Marine  
  82  5:58  SCV  
  82  5:59  Terran Infantry Weapons Level 1  
  82  6:00  Terran Infantry Armor Level 1  
  82  6:01  SCV  
  82  6:03  SCV  
  85  6:05  Factory Reactor  
  85  6:10  SCV  
  86  6:12  Marine x2  
  86  6:13  SCV  
  86  6:17  SCV, Supply Depot  
  86  6:18  Armory  
  90  6:22  SCV, Supply Depot  
  90  6:23  Marine, Supply Depot  
  90  6:24  Supply Depot  
  92  6:25  SCV  
  93  6:35  Barracks Reactor x2, Marine  
  93  6:36  Marine x3  
  93  6:38  SCV  
  98  6:40  Marine  
  98  6:41  SCV  
  98  6:45  SCV  
  98  6:46  Supply Depot x2  
  101  6:48  Supply Depot  
  101  6:51  Medivac, Widow Mine  
  101  6:52  Medivac  
  101  6:53  Marine x2  
  109  6:55  SCV x2  
  109  6:58  SCV  
  112  7:05  Marine x3  
  112  7:07  Widow Mine  
  117  7:09  SCV x2  
  117  7:10  SCV  
  117  7:11  Marine x2  
  122  7:17  Marine x2, Supply Depot  
  122  7:18  Marine x2, Supply Depot  
  122  7:21  SCV x2  
  128  7:23  Marine, SCV  
  128  7:24  Marine, Supply Depot  
  128  7:25  Marine, Supply Depot  
  128  7:29  Marine  
  127  7:38  Marine x2  
  127  7:40  Marine x3  
  127  7:42  SCV x2  
  132  7:47  Marine x2  
  136  7:53  Widow Mine  
  136  7:55  Supply Depot  
  136  7:56  Marine x2  
  136  7:58  Marine, Supply Depot, Terran Infantry Weapons Level 2  
  141  7:59  Terran Infantry Armor Level 2  
  141  8:00  Marine x2  
  141  8:02  Marine x2  
  143  8:06  Marine  
  143  8:08  SCV, Marine  
  146  8:13  Widow Mine  
  146  8:14  Marine x2, Medivac  
  146  8:16  Marine  
  146  8:18  Marine x2  
  155  8:20  Marine  
  155  8:24  Marine x2  
  134  8:34  SCV x2  
  136  8:41  Supply Depot  
  136  8:43  Supply Depot  
  136  8:44  Marine x2, Supply Depot  
  136  8:47  Marine x2  
  140  8:49  Marine  
  140  8:54  Marine x3  
  140  8:55  Marine, Medivac x2  
  133  8:56  SCV  
  133  9:02  Marine  
  137  9:03  Marine  
  137  9:05  Marine  
  137  9:09  Barracks x2  
  135  9:10  Barracks  
  135  9:14  Factory  
  135  9:16  Factory Tech Lab  
  133  9:18  Supply Depot, Command Center  
  133  9:20  Supply Depot  
  133  9:21  SCV  
  134  9:30  Marine x2  
  134  9:31  Marine x6  
  138  9:32  Medivac x2  
  138  9:37  Marine  
  138  9:38  SCV  
  148  9:48  Marine x3, SCV  
  148  9:49  Marine x3  
  148  9:50  Marine  
  148  9:52  Marine  
  147  9:58  Barracks Tech Lab  
  147  9:59  Barracks Tech Lab x2, Refinery  
  147  10:01  Marine, Factory Tech Lab  
  147  10:02  Refinery, Medivac  
  147  10:06  Marine x4  
  154  10:09  Siege Tank  
  157  10:16  Marine  
  157  10:19  Supply Depot  
  151  10:22  Marine x2  
  141  10:29  Marine  
  141  10:30  Marine x2  
  141  10:34  Marine x2  
  117  10:37  Marine x2  
  117  10:38  Siege Tank  
  117  10:39  Marine  
  117  10:40  Marauder, Marine  
  117  10:41  Siege Tank, Marauder  
  131  10:50  Marine x3  
  130  11:10  Missile Turret  
Tags
 
Add a new tag
Caveats
  • Supply blocks, unpowered buildings, or Contaminate may cause inaccurate times.
  • Supply counts are checked every 10 seconds.